 Dungeon Crawl Stone Soup version 0.27.1-1-g398f81649c (webtiles) character file.

Game seed: 17549319765991661831

644 jlumianski the Chopper (level 7, -2/62 HPs)
             Began as a Deep Dwarf Fighter on Sept 14, 2021.
             Slain by an ogre (11 damage)
             ... on level 4 of the Dungeon.
             The game lasted 00:17:26 (3314 turns).

jlumianski the Chopper (Deep Dwarf Fighter)         Turns: 3314, Time: 00:17:27

Health: -2/62      AC: 12    Str: 24 (26) XL:     7   Next: 26%
Magic:  10/10      EV: 12    Int:  9 (10) God:
Gold:   181        SH: 10    Dex:  9 (12) Spells: 10/10 levels left

rFire    . . .     SeeInvis .   a - +0 war axe
rCold    . . .     Faith    .   c - +0 kite shield
rNeg     . . .     Spirit   .   b - +0 scale mail
rPois    .         Reflect  .   B - +2 helmet
rElec    .         Harm     .   t - +1 cloak
rCorr    .         Rampage  .   (no gloves)
Will     +....                  (no boots)
Stlth    ..........             (no amulet)
HPRegen  0.00/turn              i - +4 ring of evasion
MPRegen  0.12/turn              o - +6 ring of strength

@: no status effects
A: damage resistance, heal wounds, sense surroundings 1, no regeneration
a: Heal Wounds


You were on level 4 of the Dungeon.
You visited 2 branches of the dungeon, and saw 5 of its levels.

You collected 181 gold pieces.

Inventory:

Hand Weapons
 a - a +0 war axe (weapon)
 n - a +2 spear of venom
 p - a +0 hunting sling
 r - a +1 vorpal spear
 A - a +1 dagger of speed
Missiles
 k - 190 stones
 l - 8 poisoned darts (quivered)
 v - 3 curare-tipped darts
 C - 37 sling bullets
Armour
 b - a +0 scale mail (worn)
 c - a +0 kite shield (worn)
 t - a +1 cloak (worn)
 B - a +2 helmet (worn)
Jewellery
 e - an amulet of guardian spirit
 i - a +4 ring of evasion (left hand)
 o - a +6 ring of strength (right hand)
 u - a ring of poison resistance
 y - a ring of see invisible
Scrolls
 g - 3 scrolls of identify
 j - a scroll of fog
 m - 2 scrolls of noise
Potions
 d - a potion of mutation
 f - a potion of attraction
 h - a potion of haste
 q - a potion of magic
 s - a potion of heal wounds
 w - a potion of brilliance {unknown}
 x - a potion of cancellation


   Skills:
 + Level 3.5 Fighting
 + Level 5.4 Axes
 + Level 1.6 Throwing
 + Level 4.9 Armour
 + Level 1.1 Dodging
 + Level 4.5 Shields
 * Level 2.1 Spellcasting


You had 10 spell levels left.
You didn't know any spells.
Your spell library contained the following spells:

 Spells                   Type           Power      Damage    Failure   Level
 Magic Dart               Conj           0%         1d3       96%         1
 Searing Ray              Conj           0%         3d3       99%         2
 Fulminant Prism          Conj/Hex       0%         3d6       100%        4


Dungeon Overview and Level Annotations

Branches:
Dungeon (4/15)             Temple (1/1) D:4

Altars:
Cheibriados
Elyvilon
Fedhas
Gozag
Hepliaklqana
Kikubaaqudgha
Nemelex Xobeh
Qazlal
Ru
Trog
Uskayaw
Vehumet
Wu Jian
Xom
Yredelemnul
The Shining One


Innate Abilities, Weirdness & Mutations

You are resistant to damage.
You can heal yourself by infusing magical energy.
You passively map a small area around you.
You do not regenerate.


Message History

Unknown command.
Okay, then.
Unknown command.
Unknown command.
Found an escape hatch in the ceiling.
There is an escape hatch in the ceiling here.
You now have 181 gold pieces (gained 17).
An ogre comes into view. It is wielding a +0 giant club.
The ogre shouts!
Throw: 11 darts (poison)
Press: ? - help, Q - select action, (/) - cycle Shift-Dir - straight line, f - ogre
Aim: an ogre, wielding a +0 giant club (71% to hit)
You throw a poisoned dart. The poisoned dart hits the ogre.
The ogre is poisoned.
Throw: 10 darts (poison)
Press: ? - help, Q - select action, (/) - cycle Shift-Dir - straight line, f/p - ogre
Aim: an ogre, wielding a +0 giant club (poisoned, 71% to hit)
You throw a poisoned dart. The poisoned dart hits the ogre.
Throw: 9 darts (poison)
Press: ? - help, Q - select action, (/) - cycle Shift-Dir - straight line, f/p - ogre
Aim: an ogre, wielding a +0 giant club (poisoned, 71% to hit)
You throw a poisoned dart.
The poisoned dart barely misses the ogre.
You slash the ogre!
The ogre is moderately wounded.
You block the ogre's attack.
You barely miss the ogre.
The ogre is moderately wounded.
The ogre looks more healthy.
You block the ogre's attack.
You slash the ogre!
The ogre is severely wounded.
The ogre hits you with a +0 giant club!
You barely miss the ogre.
The ogre is severely wounded.
The ogre hits you with a +0 giant club!
* * * LOW HITPOINT WARNING * * *
You slash the ogre!
The ogre is almost dead.
The ogre hits you with a +0 giant club!
You die...

...# #..<..# ####
####### #(. # #.#
###### #(# .....#
#(# ..##.# #.#
#.##.##### #.#
#........#######O#
#.##.###........@#
..##<# ###########
.....# ######


You could see an ogre.

Vanquished Creatures
  A black bear (D:3)
  A phantom (D:4)
  Blork the orc (D:4)
  A scorpion (D:3)
  An orc priest (D:2)
  3 orc wizards (D:4)
  Robin (D:3)
  6 adders
  7 gnolls
  A worm (D:3)
  2 dart slugs (D:3)
  10 orcs
  7 ball pythons
  3 bats
  10 endoplasms
  4 giant cockroaches
  10 goblins
  12 hobgoblins
  7 jackals (D:4)
  4 quokkas
  3 frilled lizards
  6 kobolds
  4 rats
105 creatures vanquished.

Vanquished Creatures (others)
  A fungus (D:1)
1 creature vanquished.

Grand Total: 106 creatures vanquished

Notes
Turn   | Place    | Note
-------+----------+-------------------------------------------
     0 | D:1      | jlumianski the Deep Dwarf Fighter began the quest for the
                  | Orb.
     0 | D:1      | Reached XP level 1. HP: 20/20 MP: 1/1
    34 | D:1      | Found a faded altar of an unknown god.
   500 | D:1      | Reached XP level 2. HP: 25/27 MP: 2/2
   920 | D:2      | Found a glowing golden altar of the Shining One.
   969 | D:2      | Reached XP level 3. HP: 21/34 MP: 3/3
  1024 | D:2      | Reached skill level 3 in Axes
  1034 | D:2      | Reached XP level 4. HP: 42/42 MP: 4/4
  1679 | D:2      | Reached skill level 1 in Throwing
  1810 | D:3      | Reached XP level 5. HP: 32/49 MP: 5/5
  2031 | D:3      | Noticed Robin
  2051 | D:3      | Killed Robin
  2251 | D:3      | Found a blossoming altar of Fedhas.
  2497 | D:4      | Noticed Blork the orc
  2507 | D:4      | Killed Blork the orc
  2508 | D:4      | Reached skill level 4 in Axes
  2508 | D:4      | Noticed a phantom
  2511 | D:4      | Reached XP level 6. HP: 26/56 MP: 5/7
  2537 | D:4      | Reached skill level 1 in Spellcasting
  2618 | D:3      | Reached skill level 5 in Axes
  2632 | D:3      | Reached skill level 1 in Dodging
  2656 | D:4      | Reached XP level 7. HP: 49/62 MP: 9/9
  2809 | D:4      | Found a staircase to the Ecumenical Temple.
  2858 | Temple   | Entered the Ecumenical Temple
  3227 | D:4      | Found an ornate altar of the Wu Jian Council.
  3314 | D:4      | Slain by an ogre

Illustrated notes

Levels and vault maps discovered:
D:1:      dpeg_arrival_orchard, layout_basic,
          dreamdust_ecumenical_altar_hidden_monk_grotto
D:2:      layout_basic, basic_altar, nrook_loot_triangle
D:3:      layout_loops_ring, fedhas_altar_2, kennysheep_cross_bottleneck,
          uniq_robin
D:4:      layout_loops_cross, mainiacjoe_overflow_alcove_4,
          nicolae_wu_jian_glorious_leap, minmay_temple_entry_mist,
          uniq_blork_the_orc
Temple:   zaba_magenta_temple

Skill      XL: |  1  2  3  4  5  6  7 |
---------------+----------------------+-----
Fighting       | 3 |  3.5
Armour         | 4 |  4.9
Axes           | 3 4 5 |  5.4
Throwing       | 1 |  1.6
Shields        | 4 |  4.5
Spellcasting   | 1 2 |  2.1
Dodging        | 1 |  1.1

Action                   |  1- 3 |  4- 6 |  7- 9 || total
-------------------------+-------+-------+-------++-------
Melee: War axe           |    55 |   166 |    70 ||   291
Throw: Dart              |     7 |    33 |     9 ||    49
       Stone             |     1 |       |       ||     1
 Abil: Heal Wounds       |     1 |     1 |       ||     2
  Use: Potion            |     3 |     6 |       ||     9
       Scroll            |       |     5 |       ||     5
Armor: Scale mail        |     9 |    90 |    21 ||   120
Dodge: Dodged            |    20 |    88 |    29 ||   137
Block: Kite shield       |    25 |   106 |    26 ||   157
